 Dungeon Crawl Stone Soup version 0.26-a0-259-g1effd001a9 (webtiles) character file.

Game seed: 8424547188263886456

167 drasked the Conjurer (level 5, -3/24 HPs)
             Began as a Spriggan Conjurer on July 14, 2020.
             Slain by an orc
             ... wielding a +0 hand axe
              (7 damage)
             ... on level 3 of the Dungeon.
             The game lasted 00:04:00 (2207 turns).

drasked the Conjurer (Spriggan Conjurer)            Turns: 2207, Time: 00:04:01

Health: -3/24      AC:  2    Str:  3    XL:     5   Next: 23%
Magic:  3/10       EV: 18    Int: 20    God:
Gold:   107        SH:  0    Dex: 15    Spells: 8/9 levels left

rFire    . . .     SeeInvis +   i - +0 dagger
rCold    . . .     Faith    .   (shield restricted)
rNeg     . . .     Spirit   .   a - +0 robe
rPois    .         Reflect  .   (helmet restricted)
rElec    .         Harm     .   (no cloak)
rCorr    .                      (gloves unavailable)
MR       .....                  (boots unavailable)
Stlth    ++........             (no amulet)
HPRegen  0.08/turn              (no ring)
MPRegen  0.12/turn              (no ring)

@: very quick
A: very small, unfitting armour, see invisible, herbivore, speed 3, slow
metabolism 2
a: no special abilities


You were on level 3 of the Dungeon.
You were not hungry.

You visited 1 branch of the dungeon, and saw 3 of its levels.

You collected 107 gold pieces.

Inventory:

Hand Weapons
 i - a +0 dagger (weapon)
   (You took it off a kobold on level 1 of the Dungeon)
Missiles
 Q - 20 stones (quivered)
Armour
 a - a +0 robe (worn)
Jewellery
 b - a cursed amulet of inaccuracy {unknown}
   (You found it on level 1 of the Dungeon)
Scrolls
 c - a scroll of enchant weapon {unknown}
 g - 3 scrolls of remove curse {unknown}
 h - 4 scrolls of teleportation {unknown}
 j - 2 scrolls of enchant armour {unknown}
 k - 2 scrolls of fog {unknown}
 m - 2 scrolls of identify {unknown}
Potions
 d - a potion of mutation {unknown}
 f - a potion of heal wounds {unknown}
 l - 2 potions of haste {unknown}
 n - a potion of brilliance {unknown}
Comestibles
 e - 22 rations


   Skills:
 - Level 3.0 Dodging
 - Level 3.0 Stealth
 - Level 2.6 Spellcasting
 + Level 5.0 Conjurations


You had 8 spell levels left.
You knew the following spells:

 Your Spells              Type           Power        Failure   Level
a - Magic Dart            Conj           ###.         1%          1

Your spell library contained the following spells:

 Spells                   Type           Power        Failure   Level
 Searing Ray              Conj           ###...       2%          2
 Dazzling Flash           Conj/Hex       ##....       16%         3
 Fulminant Prism          Conj/Hex       ##........   45%         4
 Iskenderun's Mystic Bla  Conj/Tloc      ##......     45%         4


Dungeon Overview and Level Annotations

Branches:
Dungeon (3/15)

Altars:


Innate Abilities, Weirdness & Mutations

You are very small and have problems with some larger weapons.
You are too small for most types of armour.
You have supernaturally acute eyesight. (SInv)
You are a herbivore.
You cover ground extremely quickly.
You need to consume almost no food.


Message History

Found a stone staircase leading down.
An orc wizard comes into view. It is wielding a -1 dagger.
An orc wizard is nearby!
Aim: an orc wizard, wielding a -1 dagger and wearing a +0 robe (asleep)
The magic dart hits the orc wizard.
The orc wizard shouts!
You hear a shout!
The orc wizard gestures wildly while chanting.
The orc wizard blinks!
An orc comes into view. It is wielding a +0 hand axe.
You hear a shout!
Aim: an orc wizard, wielding a -1 dagger and wearing a +0 robe (moderately wounded)
The magic dart hits the orc wizard.
The orc wizard casts a spell at you. The magic dart hits you.
Aim: an orc wizard, wielding a -1 dagger and wearing a +0 robe (heavily wounded)
The magic dart hits the orc wizard but does no damage.
An orc comes into view. It is wielding a +0 short sword.
Aim: an orc wizard, wielding a -1 dagger and wearing a +0 robe (heavily wounded)
The magic dart hits the orc wizard.
Aim: an orc wizard, wielding a -1 dagger and wearing a +0 robe (severely wounded)
The magic dart hits the orc wizard but does no damage.
The orc wizard gestures at you while chanting.
The magic dart hits you.
Aim: an orc wizard, wielding a -1 dagger and wearing a +0 robe (severely wounded)
You miscast Magic Dart.
You are very lightly contaminated with residual magic.
Nothing appears to happen.
Aim: an orc wizard, wielding a -1 dagger and wearing a +0 robe (severely wounded)
The magic dart hits the orc wizard!
You kill the orc wizard!
You have reached level 5!
You feel agile.
* * * LOW MAGIC WARNING * * *
Aim: an orc, wielding a +0 short sword The magic dart hits the orc.
* * * LOW MAGIC WARNING * * *
Aim: an orc, wielding a +0 short sword (heavily wounded)
The magic dart hits the orc.
* * * LOW MAGIC WARNING * * *
An orc comes into view. It is wielding a +0 club.
You see here a +0 flail.
Aim: an orc, wielding a +0 short sword (almost dead)
The magic dart hits the orc!
You kill the orc!
Your Conjurations skill increases to level 5!
* * * LOW MAGIC WARNING * * *
Your magical contamination has completely faded away.
An orc is nearby!
An orc is nearby!
Aim: an orc, wielding a +0 hand axe and wearing a +0 leather armour The magic dart hits the orc but does no damage.
* * * LOW MAGIC WARNING * * *
Aim: an orc, wielding a +0 hand axe and wearing a +0 leather armour The magic dart hits the orc.
* * * LOW MAGIC WARNING * * *
You don't have enough magic to cast that spell.
The orc hits you but does no damage.
Aim: an orc, wielding a +0 hand axe and wearing a +0 leather armour (lightly wounded)
The magic dart hits the orc.
* * * LOW MAGIC WARNING * * *
You don't have enough magic to cast that spell.
Okay, then.
Okay, then.
There is a stone staircase leading up here.
You don't have enough magic to cast that spell.
Aim: an orc, wielding a +0 hand axe and wearing a +0 leather armour (moderately wounded)
The magic dart hits the orc.
* * * LOW MAGIC WARNING * * *
You don't have enough magic to cast that spell.
The orc hits you but does no damage. The orc misses you. The orc misses you.
The orc barely misses you. The orc completely misses you.
The orc hits you with a +0 hand axe. The orc closely misses you.
The orc closely misses you. The orc barely misses you.
The orc hits you with a +0 hand axe.
* * * LOW HITPOINT WARNING * * *
The orc hits you with a +0 hand axe.
* * * LOW HITPOINT WARNING * * *
The orc hits you with a +0 hand axe.
* * * LOW HITPOINT WARNING * * *
The orc misses you. The orc closely misses you. The orc misses you.
The orc completely misses you. The orc closely misses you.
The orc closely misses you. The orc completely misses you.
The orc completely misses you. The orc closely misses you. The orc misses you.
The orc completely misses you. The orc barely misses you.
The orc hits you with a +0 hand axe.
* * * LOW HITPOINT WARNING * * *
The orc hits you with a +0 hand axe!
You die...

...### #.# ...#
#.# #.######.#
.######..†.))..#
.........####..#
.#######.# #..#
#.# #..##
###.####...#
#@....###..#
####o....###..#
###.............#
#...##....(####.#
##. #.....# #.#
##.. ###.### #.#
.#...####.# #.#
..........# #.#
........### #.#


You could see an orc.

Levels and vault maps discovered:
D:1:      kennysheep_arrival_seaside, layout_basic
D:2:      layout_rooms, first_ration
D:3:      layout_loops_ring, nicolae_overflow_quartered_altars,
          cheibriados_altar_1

Notes
Turn   | Place    | Note
-------+----------+-------------------------------------------
     0 | D:1      | drasked the Spriggan Conjurer began the quest for the Orb.
     0 | D:1      | Reached XP level 1. HP: 9/9 MP: 5/5
    67 | D:1      | Reached skill level 3 in Conjurations
   272 | D:1      | Identified a +0 club
   323 | D:1      | Reached XP level 2. HP: 13/13 MP: 2/6
   441 | D:1      | Identified a +0 dagger
  1091 | D:2      | Identified a +0 giant club
  1091 | D:2      | Noticed an ogre
  1138 | D:2      | Identified a +0 short sword
  1294 | D:2      | Killed an ogre
  1294 | D:2      | Reached skill level 4 in Conjurations
  1294 | D:2      | Reached XP level 3. HP: 16/16 MP: 0/8
  1294 | D:2      | Reached XP level 4. HP: 21/21 MP: 0/9
  1462 | D:2      | Identified a +0 short sword
  1637 | D:2      | Identified a +0 club
  1924 | D:3      | Identified a +0 flail
  1924 | D:3      | Identified a +0 leather armour
  2099 | D:3      | Identified a +0 flail
  2116 | D:3      | Identified a cursed -1 dagger
  2116 | D:3      | Identified a +0 robe
  2117 | D:3      | Identified a +0 hand axe
  2117 | D:3      | Identified a +0 leather armour
  2120 | D:3      | Identified a +0 short sword
  2123 | D:3      | Reached XP level 5. HP: 16/24 MP: 2/10
  2125 | D:3      | Identified a +0 club
  2149 | D:3      | Reached skill level 5 in Conjurations
  2206 | D:3      | HP: 4/24 [orc/+0 hand axe (4)]
  2207 | D:3      | Slain by an orc

Table legend:
 A = Turns spent in this place as a percentage of turns spent in the entire game.
 B = Non-inter-level travel turns spent in this place as a percentage of non-inter-level travel turns spent in the entire game.
 C = Inter-level travel turns spent in this place as a percentage of turns spent in this place.
 D = Turns resting spent in this place as a percentage of non-inter-level travel turns spent in this place.
 E = Turns spent auto-exploring this place as a percentage of non-inter-level travel turns spent in this place.
 F = Non-inter-level travel turns spent in this place divided by the number of levels of this place that you've seen.
                   A       B       C       D       E      F
               +-------+-------+-------+-------+-------+----------------------
         Total | 100.0 | 100.0 |   4.3 |  36.8 |  41.0 | 704.3
       Dungeon | 100.0 | 100.0 |   4.3 |  36.8 |  41.0 | 704.3
               +-------+-------+-------+-------+-------+----------------------

Table legend:
 A = Kills in this place as a percentage of kills in entire the game.
 B = Kills by you in this place as a percentage of kills by you in the entire game.
 C = Kills by friends in this place as a percentage of kills by friends in the entire game.
 D = Other kills in this place as a percentage of other kills in the entire game.
 E = Experience gained in this place as a percentage of experience gained in the entire game.
 F = Experience gained in this place divided by the number of levels of this place that you have seen.
                   A       B       C       D       E      F
               +-------+-------+-------+-------+-------+----------------------
         Total | 100.0 | 100.0 |   N/A |   N/A | 100.0 |  79.7
       Dungeon | 100.0 | 100.0 |   N/A |   N/A | 100.0 |  79.7
               +-------+-------+-------+-------+-------+----------------------

Skill      XL: |  1  2  3  4  5 |
---------------+----------------+-----
Conjurations   | 3 4 5 |  5.0
Dodging        | |  3.0
Stealth        | |  3.0
Spellcasting   | |  2.6

Action                   |  1- 3 |  4- 6 || total
-------------------------+-------+-------++-------
 Cast: Magic Dart        |    60 |    47 ||   107
Armor: Robe              |     1 |       ||     1
Dodge: Dodged            |     3 |    24 ||    27

Vanquished Creatures
  An ogre (D:2)
  An orc wizard (D:3)
  An adder (D:3)
  4 leopard geckos
  3 orcs (D:3)
  3 ball pythons
  3 bats
  2 giant cockroaches
  A goblin (D:1)
  6 hobgoblins
  6 kobolds
  A quokka (D:3)
  4 frilled lizards
  5 rats
41 creatures vanquished.
